Canucks vs Coyotes (R1)

Created - 20 avril 2015 at 19:01

Goals
1 2 3 T
Canucks 0 0 3 3
Coyotes 1 1 0 2
Shots
1 2 3 T
Canucks 9 6 17 32
Coyotes 12 13 6 31

1st period

1. Coyotes , Tyler Ennis 2 (Tim Connolly) at 13:49

Penalties :
Tyler Ennis (Ari) for Tripping (Minor) at 5:41

2nd period

2. Coyotes , Saku Koivu 2 (Frans Nielsen, Chris Stewart) at 15:36 (PP)

Penalties :
Tom Poti (Van) for Hooking (Minor) at 0:34, Jason Chimera (Van) for Roughing (Minor) at 14:09, Kim Johnsson (Van) for Hooking (Minor) at 17:05

3rd period

3. Canucks , Sami Lepisto 1 (Ryan Craig, Nikolai Zherdev) at 3:12
4. Canucks , Alex Tanguay 2 (Kim Johnsson) at 16:11
5. Canucks , David Jones 1 (Alex Tanguay, Maxim Lapierre) at 16:28

Penalties :
Matt Stajan (Van) for Hooking (Minor) at 1:03, Adrian Aucoin (Ari) for Goalie Interference (Minor) at 4:15, Sami Lepisto (Van) for High sticking (Minor) at 4:59, Shawn Thornton (Ari) for Hooking (Minor) at 10:27, Ryan Craig (Van) for High sticking (Minor) at 18:51

Goalie Stats

Carey Price (Van), 29 saves from 31 shots - (0,935), W, 3-1-1, 60:00 minutes
Ryan Miller (Ari), 29 saves from 32 shots - (0,906), L, 2-3-0, 58:53 minutes

Players Stats for Canucks

Player Name              G  A  P  +/- PIM S  H  SB GA TA FO     MP     PP MP  PK MP  
------------------------------------------------------------------------------------
Alex Goligoski           0  0  0   0  0   4  1  0  0  1  0/0    27:39   2:36   4:56 
Alex Tanguay             1  1  2   2  0   4  1  0  0  0  1/1    13:05   0:24   1:46 
Antti Miettinen          0  0  0   0  0   0  1  0  0  0  0/0    14:34   2:12   0:00 
Clarke MacArthur         0  0  0   0  0   3  2  1  0  0  0/0    18:34   2:12   3:08 
David Jones              1  0  1   2  0   1  2  0  0  0  0/0    11:01   0:08   0:00 
Jaromir Jagr             0  0  0  -1  0   4  3  1  1  1  3/9    22:41   2:11   5:00 
Jason Chimera            0  0  0   1  2   0  1  0  0  0  0/0     6:24   0:00   0:00 
Karl Alzner              0  0  0   0  0   1  0  0  0  2  0/0    12:32   0:00   1:42 
Kim Johnsson             0  1  1   2  2   0  2  0  1  0  0/0    20:16   2:06   3:42 
Kyle Cumiskey            0  0  0   0  0   0  1  1  0  0  0/0    12:18   0:00   0:26 
Matt Stajan              0  0  0  -1  2   3  1  0  0  0  13/27  21:50   2:22   3:57 
Maxim Lapierre           0  1  1   2  0   1  0  0  0  1  7/11   12:48   0:00   1:55 
Nikolai Zherdev          0  1  1   1  0   2  1  0  0  0  0/0     6:28   0:03   0:00 
Peter Worrell            0  0  0  -1  0   0  1  0  0  1  1/2    20:12   2:22   2:26 
Ryan Craig               0  1  1   1  2   3  0  0  0  1  2/3     6:44   0:00   0:20 
Sami Lepisto             1  0  1   2  2   1  3  0  0  0  0/0    20:32   2:05   3:54 
Tom Poti                 0  0  0   0  2   2  3  0  1  0  0/0    27:11   2:36   3:52 
Tomas Plekanec           0  0  0   0  0   3  1  0  0  0  4/9    14:34   2:12   0:00 

Players Stats for Coyotes

Player Name              G  A  P  +/- PIM S  H  SB GA TA FO     MP     PP MP  PK MP  
------------------------------------------------------------------------------------
Adrian Aucoin            0  0  0   0  2   1  1  0  0  0  0/0    18:28   0:25   2:12 
Andy Sutton              0  0  0  -1  0   1  1  1  1  1  0/0    14:57   0:00   2:30 
Anton Stralman           0  0  0   0  0   0  0  0  0  1  0/0    21:32   3:51   1:46 
Chris Stewart            0  1  1   0  0   2  2  0  1  0  0/0    15:49   4:25   0:00 
Denis Grebeshkov         0  0  0  -1  0   1  2  2  0  0  0/0    23:24   5:25   0:00 
Erik Christensen         0  0  0  -1  0   1  0  0  1  0  4/11   14:52   3:29   0:04 
Frans Nielsen            0  1  1   0  0   5  2  0  0  0  1/4    19:11   4:28   2:44 
Jiri Tlusty              0  0  0  -1  0   2  2  0  0  0  1/2     9:02   0:00   0:00 
Kurt Sauer               0  0  0   0  0   1  2  0  0  0  0/0    17:39   0:00   2:56 
Marian Gaborik           0  0  0   0  0   3  0  2  4  0  1/1    20:41   4:48   1:54 
Pavel Brendl             0  0  0  -1  0   0  0  1  0  0  0/0    11:14   0:00   0:00 
Saku Koivu               1  0  1   0  0   2  2  1  0  0  7/12   19:07   4:28   2:44 
Sami Kapanen             0  0  0  -1  0   1  0  0  0  0  0/0    11:14   0:00   0:00 
Sergei Gonchar           0  0  0  -2  0   2  2  2  0  0  0/0    19:54   5:25   0:00 
Shawn Thornton           0  0  0  -1  2   0  2  0  0  0  0/0     9:10   0:00   0:04 
T.J. Oshie               0  0  0  -1  0   2  2  0  0  0  0/0     9:02   0:00   0:00 
Tim Connolly             0  1  1   0  0   3  2  0  0  1  16/31  20:41   4:48   1:54 
Tyler Ennis              1  0  1   0  2   4  1  0  0  0  1/1    18:03   4:48   0:00 

3 Stars

1 - Alex Tanguay (Van)
2 - David Jones (Van)
3 - Sami Lepisto (Van)

Power Play

Canucks - 0 on 3 Attempt(s) - 0,00%
Coyotes - 1 on 6 Attempt(s) - 16,67%

Penalty Kill

Canucks - 5 on 6 Attempt(s) - 83,33% - Score 0 goal in Penalty Kill
Coyotes - 3 on 3 Attempt(s) - 100,00% - Score 0 goal in Penalty Kill

Team Stat

Canucks - Hits : 24 - Faceoff Wins : 31 - Blocked Shots : 3 - Penalty Minutes : 12
Coyotes - Hits : 23 - Faceoff Wins : 31 - Blocked Shots : 9 - Penalty Minutes : 6

Official

Referees : Morton Dean and Fraser Kerry
Linesman : Scott Driscoll and Steve Miller

Game Notes

No Game Note

Finance

Level 1 -- Attendance: 3900 (65,00%) -- Ticket Income 487 500 $
Level 2 -- Attendance: 3166 (63,32%) -- Ticket Income 237 450 $
Level 3 -- Attendance: 1243 (62,15%) -- Ticket Income 62 150 $
Level 4 -- Attendance: 2093 (52,33%) -- Ticket Income 83 720 $
Luxury Box -- Attendance: 636 (63,60%) -- Ticket Income 159 000 $
Game was played at the The Pack Center'
Total Attendance: 11038 (61,32%)
Total Ticket Income: 1 029 820 $
Other Income: 154 473 $
Total Income: 1 184 293 $

Canucks

5 vs 5 Forward 
   Center                   Left Wing                Right Wing               Time % Phy DF OF 
 1 Matt Stajan              Peter Worrell            Jaromir Jagr             40     1   2  2  
 2 Tomas Plekanec           Clarke MacArthur         Antti Miettinen          30     1   2  2  
 3 Maxim Lapierre           Alex Tanguay             David Jones              20     1   2  2  
 4 Ryan Craig               Jason Chimera            Nikolai Zherdev          10     1   2  2  

5 vs 5 Defense 
   Defense                  Defense                                           Time % Phy DF OF 
 1 Alex Goligoski           Tom Poti                                          40     1   2  2  
 2 Kim Johnsson             Sami Lepisto                                      30     1   2  2  
 3 Kyle Cumiskey            Karl Alzner                                       20     1   2  2  
 4 Alex Goligoski           Tom Poti                                          10     1   2  2  

PowerPlay Forward 
   Center                   Left Wing                Right Wing               Time % Phy DF OF 
 1 Matt Stajan              Peter Worrell            Jaromir Jagr             60     1   2  2  
 2 Tomas Plekanec           Clarke MacArthur         Antti Miettinen          40     1   2  2  

PowerPlay Defense
   Defense                  Defense                                           Time % Phy DF OF 
 1 Alex Goligoski           Tom Poti                                          60     1   2  2  
 2 Kim Johnsson             Sami Lepisto                                      40     1   2  2  

Penalty Kill 4 Players Forward 
   Center                   Wing                     Time % Phy DF OF 
 1 Jaromir Jagr             Matt Stajan              60     1   2  2  
 2 Peter Worrell            Clarke MacArthur         40     1   2  2  

Penalty Kill 4 Players Defense
   Defense                  Defense                  Time % Phy DF OF 
 1 Alex Goligoski           Tom Poti                 60     1   2  2  
 2 Kim Johnsson             Sami Lepisto             40     1   2  2  

Penalty Kill - 3 Players Forward 
   Forward                                           Time % Phy DF OF 
 1 Jaromir Jagr                                      60     1   2  2  
 2 Matt Stajan                                       40     1   2  2  

Penalty Kill - 3 Players Defense
   Defense                  Defense                  Time % Phy DF OF 
 1 Alex Goligoski           Tom Poti                 60     1   2  2  
 2 Kim Johnsson             Sami Lepisto             40     1   2  2  

4 vs 4 Forward 
   Center                   Wing                     Time % Phy DF OF 
 1 Jaromir Jagr             Matt Stajan              60     1   2  2  
 2 Peter Worrell            Clarke MacArthur         40     1   2  2  

4 vs 4 Defense
   Defense                  Defense                  Time % Phy DF OF 
 1 Alex Goligoski           Tom Poti                 60     1   2  2  
 2 Kim Johnsson             Sami Lepisto             40     1   2  2  

Last Minutes Offensive
   Center                   Left Wing                Right Wing               Defense                  Defense                  
   Matt Stajan              Peter Worrell            Jaromir Jagr             Alex Goligoski           Tom Poti                 

Last Minutes Defensive
   Center                   Left Wing                Right Wing               Defense                  Defense                  
   Matt Stajan              Peter Worrell            Jaromir Jagr             Alex Goligoski           Tom Poti                 

Goaltenders
Starting : Carey Price              
Backup : Brent Krahn              

Extra Forwards
Normal : Alex Tanguay, David Jones, Maxim Lapierre - PP : Alex Tanguay, David Jones - PK : Maxim Lapierre
Extra Defensemen
Normal : Kyle Cumiskey, Karl Alzner, Kim Johnsson - PP : Kyle Cumiskey - PK : Karl Alzner, Kim Johnsson
Penalty Shots
Jaromir Jagr, Matt Stajan, Peter Worrell, Clarke MacArthur, Tomas Plekanec

Coyotes

5 vs 5 Forward 
   Center                   Left Wing                Right Wing               Time % Phy DF OF 
 1 Tim Connolly             Tyler Ennis              Marian Gaborik           34     1   1  3  
 2 Saku Koivu               Frans Nielsen            Chris Stewart            27     1   2  2  
 3 Erik Christensen         Pavel Brendl             Sami Kapanen             23     1   3  1  
 4 Jiri Tlusty              Shawn Thornton           T.J. Oshie               16     1   3  1  

5 vs 5 Defense 
   Defense                  Defense                                           Time % Phy DF OF 
 1 Denis Grebeshkov         Adrian Aucoin                                     37     1   2  2  
 2 Kurt Sauer               Anton Stralman                                    34     1   3  1  
 3 Andy Sutton              Sergei Gonchar                                    28     1   3  1  
 4 Sergei Gonchar           Denis Grebeshkov                                  1      1   1  3  

PowerPlay Forward 
   Center                   Left Wing                Right Wing               Time % Phy DF OF 
 1 Tim Connolly             Tyler Ennis              Marian Gaborik           57     0   0  5  
 2 Saku Koivu               Frans Nielsen            Chris Stewart            43     0   0  5  

PowerPlay Defense
   Defense                  Defense                                           Time % Phy DF OF 
 1 Denis Grebeshkov         Sergei Gonchar                                    57     0   0  5  
 2 Anton Stralman           Erik Christensen                                  43     0   0  5  

Penalty Kill 4 Players Forward 
   Center                   Wing                     Time % Phy DF OF 
 1 Frans Nielsen            Saku Koivu               54     0   5  0  
 2 Tim Connolly             Marian Gaborik           46     0   5  0  

Penalty Kill 4 Players Defense
   Defense                  Defense                  Time % Phy DF OF 
 1 Adrian Aucoin            Kurt Sauer               54     0   5  0  
 2 Anton Stralman           Andy Sutton              46     0   5  0  

Penalty Kill - 3 Players Forward 
   Forward                                           Time % Phy DF OF 
 1 Frans Nielsen                                     52     0   5  0  
 2 Saku Koivu                                        48     0   5  0  

Penalty Kill - 3 Players Defense
   Defense                  Defense                  Time % Phy DF OF 
 1 Kurt Sauer               Adrian Aucoin            52     0   5  0  
 2 Anton Stralman           Andy Sutton              48     0   5  0  

4 vs 4 Forward 
   Center                   Wing                     Time % Phy DF OF 
 1 Tim Connolly             Marian Gaborik           52     1   2  2  
 2 Frans Nielsen            Saku Koivu               48     1   3  1  

4 vs 4 Defense
   Defense                  Defense                  Time % Phy DF OF 
 1 Adrian Aucoin            Anton Stralman           52     1   3  1  
 2 Denis Grebeshkov         Kurt Sauer               48     1   3  1  

Last Minutes Offensive
   Center                   Left Wing                Right Wing               Defense                  Defense                  
   Tim Connolly             Tyler Ennis              Marian Gaborik           Denis Grebeshkov         Adrian Aucoin            

Last Minutes Defensive
   Center                   Left Wing                Right Wing               Defense                  Defense                  
   Frans Nielsen            Saku Koivu               Marian Gaborik           Denis Grebeshkov         Kurt Sauer               

Goaltenders
Starting : Ryan Miller              
Backup : Marc Denis               

Extra Forwards
Normal : Marian Gaborik, Tyler Ennis, Chris Stewart - PP : Marian Gaborik, Chris Stewart - PK : Saku Koivu
Extra Defensemen
Normal : Denis Grebeshkov, Adrian Aucoin, Anton Stralman - PP : Denis Grebeshkov - PK : Kurt Sauer, Adrian Aucoin
Penalty Shots
Marian Gaborik, Tyler Ennis, T.J. Oshie, Saku Koivu, Tim Connolly

% Time on Ice - Canucks

Lines # - Real PCT - Wanted PCT - Time Play
Normal Forward
1 - 33% - 40% - 14:37
2 - 29% - 30% - 12:52
3 - 24% - 20% - 10:53
4 - 14% - 10% - 6:25
Normal Defense
1 - 42% - 40% - 18:49
2 - 31% - 30% - 14:03
3 - 23% - 20% - 10:31
4 - 3% - 10% - 1:24
PP Forward
1 - 53% - 60% - 2:30
2 - 47% - 40% - 2:12
PP Defense
1 - 55% - 60% - 2:36
2 - 45% - 40% - 2:06
PK Forward
1 - 74% - 60% - 6:50
2 - 26% - 40% - 2:26
PK Defense
1 - 53% - 60% - 4:56
2 - 47% - 40% - 4:20
PK3 Forward
1 - 0% - 60%
2 - 0% - 40%
PK3 Defense
1 - 0% - 60%
2 - 0% - 40%
44 Forward
1 - 73% - 60% - 0:55
2 - 27% - 40% - 0:20
44 Defense
1 - 67% - 60% - 0:50
2 - 33% - 40% - 0:25
Last Minute Offensive  - 0:00
Last Minute Defensive  - 0:00
Total
Forward - 60:00
Defense - 60:00

% Time on Ice - Coyotes

Lines # - Real PCT - Wanted PCT - Time Play
Normal Forward
1 - 30% - 34% - 13:18
2 - 25% - 27% - 11:10
3 - 25% - 23% - 11:14
4 - 20% - 16% - 9:02
Normal Defense
1 - 36% - 37% - 15:59
2 - 33% - 34% - 14:53
3 - 27% - 28% - 12:18
4 - 4% - 1% - 1:34
PP Forward
1 - 52% - 57% - 4:48
2 - 48% - 43% - 4:28
PP Defense
1 - 62% - 57% - 5:47
2 - 38% - 43% - 3:29
PK Forward
1 - 60% - 54% - 2:48
2 - 40% - 46% - 1:54
PK Defense
1 - 62% - 54% - 2:56
2 - 38% - 46% - 1:46
PK3 Forward
1 - 0% - 52%
2 - 0% - 48%
PK3 Defense
1 - 0% - 52%
2 - 0% - 48%
44 Forward
1 - 57% - 52% - 0:43
2 - 43% - 48% - 0:32
44 Defense
1 - 83% - 52% - 1:02
2 - 17% - 48% - 0:13
Last Minute Offensive  - 0:03
Last Minute Defensive  - 0:00
Total
Forward - 60:00
Defense - 60:00

Play by Play

1st period


0:01 of 1st period - Matt Stajan wins face-off versus Tim Connolly in neutral zone.
0:26 of 1st period - Tim Connolly is hit by David Jones and loses puck.
0:55 of 1st period - Wrist shot by Saku Koivu.
0:55 of 1st period - Shot Blocked by Clarke MacArthur.
1:39 of 1st period - Wrist shot by Jiri Tlusty.
1:39 of 1st period - Stopped by Carey Price with a rebound.
3:25 of 1st period - Kyle Cumiskey is hit by Jiri Tlusty and loses puck.
3:44 of 1st period - Slapshot by Tom Poti.
3:44 of 1st period - Stopped by Ryan Miller without a rebound.
3:45 of 1st period - Maxim Lapierre wins face-off versus Saku Koivu in Coyotes zone.
3:46 of 1st period - Snap shot by Alex Tanguay.
3:46 of 1st period - Stopped by Ryan Miller without a rebound.
3:47 of 1st period - Tim Connolly wins face-off versus Maxim Lapierre in Coyotes zone.
4:28 of 1st period - Tom Poti is hit by Frans Nielsen and loses puck.
5:04 of 1st period - Shawn Thornton is hit by Kyle Cumiskey and loses puck.
5:41 of 1st period - Minor Penalty to Tyler Ennis for Tripping.
5:42 of 1st period - Matt Stajan wins face-off versus Frans Nielsen in Coyotes zone.
5:49 of 1st period - Snap shot by Matt Stajan.
5:49 of 1st period - Shot Misses the Net.
6:55 of 1st period - Marian Gaborik is hit by Kim Johnsson and loses puck.
7:37 of 1st period - Icing by Jaromir Jagr.
7:38 of 1st period - Erik Christensen wins face-off versus Matt Stajan in Canucks zone.
7:41 of 1st period - Penalty to Tyler Ennis is over, Tyler Ennis is back on ice.
7:54 of 1st period - Icing by Adrian Aucoin.
7:55 of 1st period - Maxim Lapierre wins face-off versus Erik Christensen in Coyotes zone.
7:56 of 1st period - Wrist shot by Alex Tanguay.
7:56 of 1st period - Shot Misses the Net.
7:58 of 1st period - Backhand shot by Sami Lepisto.
7:58 of 1st period - Deflect By Alex Tanguay.
7:58 of 1st period - Shot Misses the Net.
7:58 of 1st period - Puck is out of play.
7:59 of 1st period - Erik Christensen wins face-off versus Maxim Lapierre in Coyotes zone.
8:26 of 1st period - Snap shot by Ryan Craig.
8:26 of 1st period - Shot Misses the Net.
8:28 of 1st period - Wrist shot by Nikolai Zherdev.
8:28 of 1st period - Stopped by Ryan Miller without a rebound.
8:29 of 1st period - Ryan Craig wins face-off versus Tim Connolly in Coyotes zone.
9:23 of 1st period - Wrist shot by T.J. Oshie.
9:23 of 1st period - Stopped by Carey Price without a rebound.
9:24 of 1st period - Tomas Plekanec wins face-off versus Tim Connolly in Canucks zone.
9:54 of 1st period - Snap shot by Frans Nielsen.
9:54 of 1st period - Stopped by Carey Price with a rebound.
9:56 of 1st period - Slapshot by Andy Sutton.
9:56 of 1st period - Stopped by Carey Price with a rebound.
10:34 of 1st period - Denis Grebeshkov is hit by Clarke MacArthur and loses puck.
10:43 of 1st period - Wrist shot by Antti Miettinen.
10:43 of 1st period - Shot Blocked by Denis Grebeshkov.
10:45 of 1st period - Slapshot by Alex Goligoski.
10:45 of 1st period - Deflect By Clarke MacArthur.
10:45 of 1st period - Stopped by Ryan Miller without a rebound.
10:46 of 1st period - Matt Stajan wins face-off versus Tim Connolly in Coyotes zone.
11:15 of 1st period - Slapshot by Tomas Plekanec.
11:15 of 1st period - Stopped by Ryan Miller without a rebound.
11:16 of 1st period - Saku Koivu wins face-off versus Tomas Plekanec in Coyotes zone.
11:25 of 1st period - Wrist shot by Clarke MacArthur.
11:25 of 1st period - Deflect By Tomas Plekanec.
11:25 of 1st period - Shot Blocked by Saku Koivu.
11:25 of 1st period - Puck is out of play.
11:26 of 1st period - Matt Stajan wins face-off versus Tim Connolly in Coyotes zone.
11:27 of 1st period - Snap shot by Jaromir Jagr.
11:27 of 1st period - Stopped by Ryan Miller with a rebound.
11:53 of 1st period - Tomas Plekanec is hit by Chris Stewart and loses puck.
12:00 of 1st period - Adrian Aucoin is hit by Tomas Plekanec and loses puck.
12:20 of 1st period - Wrist shot by David Jones.
12:20 of 1st period - Shot Misses the Net.
12:34 of 1st period - Slapshot by Adrian Aucoin.
12:34 of 1st period - Shot Blocked by Kyle Cumiskey.
12:36 of 1st period - Slapshot by Jiri Tlusty.
12:36 of 1st period - Stopped by Carey Price with a rebound.
13:37 of 1st period - Pavel Brendl is hit by Sami Lepisto and loses puck.
13:45 of 1st period - Off-side.
13:46 of 1st period - Tim Connolly wins face-off versus Matt Stajan in neutral zone.
13:49 of 1st period - Wrist shot by Tyler Ennis.
13:49 of 1st period - Goal by Tyler Ennis - Canucks : 0 - Coyotes : 1.
13:50 of 1st period - Tim Connolly wins face-off versus Matt Stajan in neutral zone.
13:53 of 1st period - Snap shot by Tyler Ennis.
13:53 of 1st period - Stopped by Carey Price with a rebound.
13:55 of 1st period - Slapshot by Anton Stralman.
13:55 of 1st period - Shot Misses the Net.
13:59 of 1st period - Snap shot by Marian Gaborik.
13:59 of 1st period - Stopped by Carey Price without a rebound.
14:00 of 1st period - Tim Connolly wins face-off versus Matt Stajan in Canucks zone.
14:13 of 1st period - Wrist shot by Matt Stajan.
14:13 of 1st period - Shot Blocked by Marian Gaborik.
14:20 of 1st period - Off-side.
14:21 of 1st period - Saku Koivu wins face-off versus Tomas Plekanec in neutral zone.
14:46 of 1st period - Sergei Gonchar is hit by Jaromir Jagr and loses puck.
15:03 of 1st period - Matt Stajan is hit by Tim Connolly and loses puck.
15:12 of 1st period - Snap shot by Marian Gaborik.
15:12 of 1st period - Shot Misses the Net.
15:41 of 1st period - Snap shot by Marian Gaborik.
15:41 of 1st period - Stopped by Carey Price without a rebound.
15:42 of 1st period - Tomas Plekanec wins face-off versus Frans Nielsen in Canucks zone.
15:55 of 1st period - Saku Koivu is hit by Clarke MacArthur and loses puck.
16:14 of 1st period - Slapshot by Kurt Sauer.
16:14 of 1st period - Stopped by Carey Price without a rebound.
16:15 of 1st period - Erik Christensen wins face-off versus Maxim Lapierre in Canucks zone.
16:37 of 1st period - Icing by Pavel Brendl.
16:38 of 1st period - Tomas Plekanec wins face-off versus Saku Koivu in Coyotes zone.
16:51 of 1st period - Wrist shot by Clarke MacArthur.
16:51 of 1st period - Stopped by Ryan Miller with a rebound.
17:09 of 1st period - Slapshot by Denis Grebeshkov.
17:09 of 1st period - Stopped by Carey Price without a rebound.
17:10 of 1st period - Matt Stajan wins face-off versus Jiri Tlusty in Canucks zone.
17:29 of 1st period - Snap shot by T.J. Oshie.
17:29 of 1st period - Shot Misses the Net.
17:35 of 1st period - Matt Stajan is hit by Kurt Sauer and loses puck.
17:39 of 1st period - Kim Johnsson is hit by Kurt Sauer and loses puck.
17:46 of 1st period - Snap shot by T.J. Oshie.
17:46 of 1st period - Stopped by Carey Price with a rebound.
17:58 of 1st period - Jaromir Jagr is hit by Jiri Tlusty and loses puck.
18:05 of 1st period - Slapshot by Alex Goligoski.
18:05 of 1st period - Stopped by Ryan Miller with a rebound.
18:07 of 1st period - Snap shot by Peter Worrell.
18:07 of 1st period - Shot Misses the Net.
18:09 of 1st period - Wrist shot by Alex Goligoski.
18:09 of 1st period - Stopped by Ryan Miller without a rebound.
18:10 of 1st period - Tomas Plekanec wins face-off versus Tim Connolly in Coyotes zone.
18:15 of 1st period - Snap shot by Tomas Plekanec.
18:15 of 1st period - Shot Blocked by Denis Grebeshkov.
18:36 of 1st period - David Jones is hit by Denis Grebeshkov and loses puck.
19:11 of 1st period - Denis Grebeshkov is hit by Nikolai Zherdev and loses puck.
19:20 of 1st period - Tom Poti is hit by Tim Connolly and loses puck.
19:54 of 1st period - Sami Kapanen is hit by Peter Worrell.
19:58 of 1st period - Andy Sutton is hit by Matt Stajan.
Goals for this period are 0 for Canucks vs 1 for Coyotes.
Shots for this period are 9 for Canucks vs 12 for Coyotes.

2nd period


0:01 of 2nd period - Tim Connolly wins face-off versus Matt Stajan in neutral zone.
0:34 of 2nd period - Minor Penalty to Tom Poti for Hooking.
0:35 of 2nd period - Jaromir Jagr wins face-off versus Tim Connolly in Canucks zone.
1:10 of 2nd period - Snap shot by Frans Nielsen.
1:10 of 2nd period - Stopped by Carey Price with a rebound.
1:12 of 2nd period - Slapshot by Sergei Gonchar.
1:12 of 2nd period - Stopped by Carey Price with a rebound.
1:14 of 2nd period - Snap shot by Frans Nielsen.
1:14 of 2nd period - Stopped by Carey Price with a rebound.
2:34 of 2nd period - Penalty to Tom Poti is over, Tom Poti is back on ice.
2:59 of 2nd period - Slapshot by Sami Kapanen.
2:59 of 2nd period - Shot Misses the Net.
4:05 of 2nd period - Snap shot by Maxim Lapierre.
4:05 of 2nd period - Shot Misses the Net.
4:34 of 2nd period - Sami Lepisto is hit by Sergei Gonchar and loses puck.
7:29 of 2nd period - Tim Connolly is hit by Jason Chimera and loses puck.
8:46 of 2nd period - Chris Stewart is hit by David Jones and loses puck.
9:03 of 2nd period - Andy Sutton is hit by Alex Tanguay and loses puck.
9:08 of 2nd period - Slapshot by Alex Tanguay.
9:08 of 2nd period - Deflect By David Jones.
9:08 of 2nd period - Shot Blocked by Sergei Gonchar.
9:08 of 2nd period - Puck is out of play.
9:09 of 2nd period - Tim Connolly wins face-off versus Matt Stajan in Coyotes zone.
9:22 of 2nd period - Wrist shot by Matt Stajan.
9:22 of 2nd period - Stopped by Ryan Miller without a rebound.
9:23 of 2nd period - Matt Stajan wins face-off versus Tim Connolly in Coyotes zone.
9:24 of 2nd period - Snap shot by Jaromir Jagr.
9:24 of 2nd period - Shot Blocked by Sergei Gonchar.
9:26 of 2nd period - Slapshot by Sami Lepisto.
9:26 of 2nd period - Deflect By Jaromir Jagr.
9:26 of 2nd period - Stopped by Ryan Miller without a rebound.
9:27 of 2nd period - Matt Stajan wins face-off versus Tim Connolly in Coyotes zone.
10:23 of 2nd period - Snap shot by Erik Christensen.
10:23 of 2nd period - Stopped by Carey Price without a rebound.
10:24 of 2nd period - Tim Connolly wins face-off versus Matt Stajan in Canucks zone.
10:25 of 2nd period - Slapshot by Marian Gaborik.
10:25 of 2nd period - Shot Misses the Net.
10:53 of 2nd period - Snap shot by Tomas Plekanec.
10:53 of 2nd period - Stopped by Ryan Miller without a rebound.
10:54 of 2nd period - Maxim Lapierre wins face-off versus Saku Koivu in Coyotes zone.
11:43 of 2nd period - Karl Alzner is hit by Frans Nielsen and loses puck.
11:56 of 2nd period - Snap shot by Frans Nielsen.
11:56 of 2nd period - Stopped by Carey Price without a rebound.
11:57 of 2nd period - Matt Stajan wins face-off versus Tim Connolly in Canucks zone.
12:41 of 2nd period - Denis Grebeshkov is hit by Antti Miettinen and loses puck.
13:28 of 2nd period - Snap shot by Sami Kapanen.
13:28 of 2nd period - Stopped by Carey Price without a rebound.
13:29 of 2nd period - Tim Connolly wins face-off versus Matt Stajan in Canucks zone.
14:09 of 2nd period - Minor Penalty to Jason Chimera for Roughing.
14:10 of 2nd period - Tim Connolly wins face-off versus Jaromir Jagr in Canucks zone.
14:12 of 2nd period - Wrist shot by Tim Connolly.
14:12 of 2nd period - Shot Misses the Net.
14:14 of 2nd period - Wrist shot by Tyler Ennis.
14:14 of 2nd period - Stopped by Carey Price with a rebound.
14:18 of 2nd period - Slapshot by Marian Gaborik.
14:18 of 2nd period - Shot Misses the Net.
14:55 of 2nd period - Wrist shot by Clarke MacArthur.
14:55 of 2nd period - Stopped by Ryan Miller with a rebound.
15:36 of 2nd period - Snap shot by Saku Koivu.
15:36 of 2nd period - Goal by Saku Koivu - Canucks : 0 - Coyotes : 2.
15:37 of 2nd period - Maxim Lapierre wins face-off versus Tim Connolly in neutral zone.
15:40 of 2nd period - Slapshot by Alex Goligoski.
15:40 of 2nd period - Stopped by Ryan Miller without a rebound.
15:41 of 2nd period - Alex Tanguay wins face-off versus Tim Connolly in Coyotes zone.
15:42 of 2nd period - Wrist shot by Maxim Lapierre.
15:42 of 2nd period - Stopped by Ryan Miller with a rebound.
15:54 of 2nd period - Wrist shot by Tim Connolly.
15:54 of 2nd period - Stopped by Carey Price with a rebound.
15:56 of 2nd period - Slapshot by Tim Connolly.
15:56 of 2nd period - Stopped by Carey Price without a rebound.
15:57 of 2nd period - Matt Stajan wins face-off versus Saku Koivu in Canucks zone.
15:57 of 2nd period - Matt Stajan is hit by Saku Koivu.
16:02 of 2nd period - Off-side.
16:03 of 2nd period - Saku Koivu wins face-off versus Matt Stajan in neutral zone.
16:12 of 2nd period - Wrist shot by Saku Koivu.
16:12 of 2nd period - Stopped by Carey Price with a rebound.
16:28 of 2nd period - Frans Nielsen is hit by Tom Poti.
16:53 of 2nd period - Wrist shot by Tomas Plekanec.
16:53 of 2nd period - Deflect By Antti Miettinen.
16:53 of 2nd period - Shot Misses the Net.
16:53 of 2nd period - Puck is out of play.
16:54 of 2nd period - Tim Connolly wins face-off versus Tomas Plekanec in Coyotes zone.
16:54 of 2nd period - Tim Connolly is hit by Kim Johnsson.
17:05 of 2nd period - Minor Penalty to Kim Johnsson for Hooking.
17:06 of 2nd period - Tim Connolly wins face-off versus Jaromir Jagr in Canucks zone.
17:16 of 2nd period - Wrist shot by Tim Connolly.
17:16 of 2nd period - Stopped by Carey Price with a rebound.
17:18 of 2nd period - Snap shot by Denis Grebeshkov.
17:18 of 2nd period - Shot Misses the Net.
17:20 of 2nd period - Wrist shot by Tyler Ennis.
17:20 of 2nd period - Stopped by Carey Price without a rebound.
17:21 of 2nd period - Tim Connolly wins face-off versus Jaromir Jagr in Canucks zone.
18:45 of 2nd period - Icing by Tyler Ennis.
18:46 of 2nd period - Tim Connolly wins face-off versus Jaromir Jagr in Coyotes zone.
19:05 of 2nd period - Penalty to Kim Johnsson is over, Kim Johnsson is back on ice.
19:19 of 2nd period - Tomas Plekanec is hit by T.J. Oshie and loses puck.
19:29 of 2nd period - Icing by T.J. Oshie.
19:30 of 2nd period - Maxim Lapierre wins face-off versus Erik Christensen in Coyotes zone.
Goals for this period are 0 for Canucks vs 1 for Coyotes.
Shots for this period are 6 for Canucks vs 13 for Coyotes.

3rd period


0:01 of 3rd period - Tim Connolly wins face-off versus Matt Stajan in neutral zone.
0:26 of 3rd period - Antti Miettinen is hit by Denis Grebeshkov.
0:54 of 3rd period - Wrist shot by Alex Tanguay.
0:54 of 3rd period - Shot Blocked by Pavel Brendl.
0:56 of 3rd period - Snap shot by Karl Alzner.
0:56 of 3rd period - Stopped by Ryan Miller without a rebound.
0:57 of 3rd period - Marian Gaborik wins face-off versus Matt Stajan in Coyotes zone.
1:03 of 3rd period - Minor Penalty to Matt Stajan for Hooking.
1:04 of 3rd period - Jaromir Jagr wins face-off versus Tim Connolly in Canucks zone.
1:17 of 3rd period - Snap shot by Tim Connolly.
1:17 of 3rd period - Shot Misses the Net.
2:28 of 3rd period - Wrist shot by Clarke MacArthur.
2:28 of 3rd period - Deflect By Ryan Craig.
2:28 of 3rd period - Stopped by Ryan Miller with a rebound.
3:03 of 3rd period - Penalty to Matt Stajan is over, Matt Stajan is back on ice.
3:10 of 3rd period - Snap shot by Ryan Craig.
3:10 of 3rd period - Stopped by Ryan Miller with a rebound.
3:12 of 3rd period - Slapshot by Sami Lepisto.
3:12 of 3rd period - Goal by Sami Lepisto - Canucks : 1 - Coyotes : 2.
3:13 of 3rd period - Saku Koivu wins face-off versus Tomas Plekanec in neutral zone.
3:18 of 3rd period - Clarke MacArthur is hit by Saku Koivu and loses puck.
4:09 of 3rd period - Slapshot by Tomas Plekanec.
4:09 of 3rd period - Shot Misses the Net.
4:11 of 3rd period - Snap shot by Tom Poti.
4:11 of 3rd period - Stopped by Ryan Miller without a rebound.
4:12 of 3rd period - Saku Koivu wins face-off versus Matt Stajan in Coyotes zone.
4:12 of 3rd period - Saku Koivu is hit by Jaromir Jagr.
4:15 of 3rd period - Minor Penalty to Adrian Aucoin for Goalie Interference.
4:16 of 3rd period - Peter Worrell wins face-off versus Frans Nielsen in Coyotes zone.
4:28 of 3rd period - Snap shot by Matt Stajan.
4:28 of 3rd period - Stopped by Ryan Miller with a rebound.
4:30 of 3rd period - Wrist shot by Matt Stajan.
4:30 of 3rd period - Stopped by Ryan Miller with a rebound.
4:59 of 3rd period - Minor Penalty to Sami Lepisto for High sticking.
5:00 of 3rd period - Tim Connolly wins face-off versus Jaromir Jagr in Canucks zone.
5:13 of 3rd period - Snap shot by Marian Gaborik.
5:13 of 3rd period - Stopped by Carey Price with a rebound.
5:49 of 3rd period - Slapshot by Alex Goligoski.
5:49 of 3rd period - Stopped by Ryan Miller without a rebound.
5:50 of 3rd period - Tim Connolly wins face-off versus Peter Worrell in Coyotes zone.
5:57 of 3rd period - Backhand shot by Peter Worrell.
5:57 of 3rd period - Shot Misses the Net.
5:59 of 3rd period - Snap shot by Clarke MacArthur.
5:59 of 3rd period - Shot Misses the Net.
6:01 of 3rd period - Snap shot by Clarke MacArthur.
6:01 of 3rd period - Deflect By Peter Worrell.
6:01 of 3rd period - Shot Blocked by Marian Gaborik.
6:01 of 3rd period - Puck is out of play.
6:02 of 3rd period - Jaromir Jagr wins face-off versus Saku Koivu in Coyotes zone.
6:15 of 3rd period - Penalty to Adrian Aucoin is over, Adrian Aucoin is back on ice.
6:59 of 3rd period - Penalty to Sami Lepisto is over, Sami Lepisto is back on ice.
7:01 of 3rd period - Tom Poti is hit by Tyler Ennis and loses puck.
7:32 of 3rd period - Kurt Sauer is hit by Alex Goligoski and loses puck.
7:41 of 3rd period - Snap shot by Alex Tanguay.
7:41 of 3rd period - Stopped by Ryan Miller with a rebound.
7:43 of 3rd period - Snap shot by Maxim Lapierre.
7:43 of 3rd period - Shot Misses the Net.
7:45 of 3rd period - Snap shot by Alex Tanguay.
7:45 of 3rd period - Shot Misses the Net.
7:59 of 3rd period - Slapshot by Chris Stewart.
7:59 of 3rd period - Stopped by Carey Price without a rebound.
8:00 of 3rd period - Saku Koivu wins face-off versus Ryan Craig in Canucks zone.
8:09 of 3rd period - Snap shot by Frans Nielsen.
8:09 of 3rd period - Stopped by Carey Price with a rebound.
8:11 of 3rd period - Slapshot by Chris Stewart.
8:11 of 3rd period - Stopped by Carey Price without a rebound.
8:12 of 3rd period - Matt Stajan wins face-off versus Tim Connolly in Canucks zone.
8:21 of 3rd period - Wrist shot by Tim Connolly.
8:21 of 3rd period - Shot Misses the Net.
8:39 of 3rd period - Frans Nielsen is hit by Sami Lepisto and loses puck.
9:26 of 3rd period - Snap shot by Jaromir Jagr.
9:26 of 3rd period - Stopped by Ryan Miller without a rebound.
9:27 of 3rd period - Jiri Tlusty wins face-off versus Matt Stajan in Coyotes zone.
9:27 of 3rd period - Jiri Tlusty is hit by Tom Poti.
9:45 of 3rd period - Slapshot by Adrian Aucoin.
9:45 of 3rd period - Shot Blocked by Jaromir Jagr.
9:56 of 3rd period - Slapshot by Adrian Aucoin.
9:56 of 3rd period - Stopped by Carey Price with a rebound.
10:27 of 3rd period - Minor Penalty to Shawn Thornton for Hooking.
10:28 of 3rd period - Frans Nielsen wins face-off versus Tomas Plekanec in Coyotes zone.
10:28 of 3rd period - Frans Nielsen is hit by Tom Poti.
10:54 of 3rd period - Antti Miettinen is hit by Andy Sutton and loses puck.
12:27 of 3rd period - Penalty to Shawn Thornton is over, Shawn Thornton is back on ice.
12:37 of 3rd period - Slapshot by Denis Grebeshkov.
12:37 of 3rd period - Shot Misses the Net.
12:39 of 3rd period - Slapshot by Sergei Gonchar.
12:39 of 3rd period - Stopped by Carey Price with a rebound.
12:57 of 3rd period - Alex Goligoski is hit by Shawn Thornton and loses puck.
13:28 of 3rd period - Kyle Cumiskey is hit by T.J. Oshie and loses puck.
13:51 of 3rd period - Sami Kapanen is hit by Sami Lepisto and loses puck.
14:26 of 3rd period - Tom Poti is hit by Chris Stewart and loses puck.
14:49 of 3rd period - David Jones is hit by Shawn Thornton and loses puck.
15:20 of 3rd period - Icing by Chris Stewart.
15:21 of 3rd period - Saku Koivu wins face-off versus Matt Stajan in Coyotes zone.
15:28 of 3rd period - Peter Worrell is hit by Sergei Gonchar and loses puck.
15:35 of 3rd period - Sergei Gonchar is hit by Jaromir Jagr and loses puck.
16:09 of 3rd period - Snap shot by Alex Tanguay.
16:09 of 3rd period - Shot Blocked by Andy Sutton.
16:11 of 3rd period - Wrist shot by Alex Tanguay.
16:11 of 3rd period - Goal by Alex Tanguay - Canucks : 2 - Coyotes : 2.
16:12 of 3rd period - Matt Stajan wins face-off versus Erik Christensen in neutral zone.
16:14 of 3rd period - Tom Poti is hit by Adrian Aucoin and loses puck.
16:20 of 3rd period - Off-side.
16:21 of 3rd period - Matt Stajan wins face-off versus Erik Christensen in neutral zone.
16:24 of 3rd period - Wrist shot by Jaromir Jagr.
16:24 of 3rd period - Stopped by Ryan Miller without a rebound.
16:25 of 3rd period - Maxim Lapierre wins face-off versus Erik Christensen in Coyotes zone.
16:26 of 3rd period - Snap shot by Alex Tanguay.
16:26 of 3rd period - Shot Misses the Net.
16:28 of 3rd period - Wrist shot by David Jones.
16:28 of 3rd period - Goal by David Jones - Canucks : 3 - Coyotes : 2.
16:29 of 3rd period - Erik Christensen wins face-off versus Maxim Lapierre in neutral zone.
17:26 of 3rd period - Wrist shot by Tomas Plekanec.
17:26 of 3rd period - Stopped by Ryan Miller without a rebound.
17:27 of 3rd period - Maxim Lapierre wins face-off versus Erik Christensen in Coyotes zone.
17:30 of 3rd period - Slapshot by Alex Tanguay.
17:30 of 3rd period - Stopped by Ryan Miller with a rebound.
17:59 of 3rd period - Icing by Tyler Ennis.
18:00 of 3rd period - Matt Stajan wins face-off versus Tim Connolly in Coyotes zone.
18:25 of 3rd period - Slapshot by Nikolai Zherdev.
18:25 of 3rd period - Shot Misses the Net.
18:29 of 3rd period - Snap shot by Ryan Craig.
18:29 of 3rd period - Stopped by Ryan Miller without a rebound.
18:30 of 3rd period - Ryan Craig wins face-off versus Erik Christensen in Coyotes zone.
18:41 of 3rd period - Wrist shot by Nikolai Zherdev.
18:41 of 3rd period - Stopped by Ryan Miller with a rebound.
18:51 of 3rd period - Minor Penalty to Ryan Craig for High sticking.
18:52 of 3rd period - Tyler Ennis wins face-off versus Jaromir Jagr in Canucks zone.
18:53 of 3rd period - Coyotes, Ryan Miller is pulled from the net.
Goals for this period are 3 for Canucks vs 0 for Coyotes.
Shots for this period are 17 for Canucks vs 6 for Coyotes.


Output by the SimonT Hockey Simulator (STHS) for François Prévost -- Original Page W3C XHTML 1.0 Valid
Hockey Simulator - Hockey Simulation - Hockey Manager